Map: Orbital Shipyard

Players

Solaire - Winner!

  • Race: Zerg Zerg

CranK

  • Race: Protoss Protoss

VOD

Have the link to the VOD?

Description

Lotv beta match against CranK

Time

  • Played on: May 3, 2015, 1:07 a.m.
  • Length: 9:28
Show
View Real Time Build Order
Export as new Build Order

Solaire Zerg - Winner!

Build Orders: Pool First, Lurkers, Roach Hydra 

Get SALT Encoding   

  12  0:01  Drone  
  13  0:13  Overlord  
  13  0:17  Drone  
  14  0:32  Drone x2  
  16  0:36  Drone  
  17  0:45  Spawning Pool  
  17  0:48  Drone  
  17  1:09  Hatchery  
  16  1:15  Drone  
  17  1:21  Drone  
  17  1:22  Overlord  
  18  1:31  Queen  
  21  1:40  Zergling x2  
  21  1:43  Drone  
  21  1:44  Extractor  
  21  1:52  Drone  
  22  2:01  Drone  
  22  2:07  Queen  
  25  2:12  Drone  
  26  2:23  Drone x2  
  28  2:36  Drone x2  
  30  2:38  Hatchery  
  29  2:45  Metabolic Boost  
  29  2:46  Queen  
  29  2:48  Drone  
  29  2:51  Drone  
  33  2:56  Overlord  
  33  3:01  Drone  
  33  3:02  Drone  
  33  3:05  Drone  
  36  3:20  Drone x3  
  36  3:21  Overlord  
  36  3:26  Drone x4  
  36  3:27  Drone  
  43  3:42  Overlord  
  43  3:43  Zergling x8  
  47  3:52  Drone x2  
  47  3:53  Drone x6  
  55  3:56  Drone x2  
  55  3:57  Extractor  
  55  3:59  Extractor x2  
  53  4:14  Drone  
  53  4:15  Drone x2  
  53  4:16  Drone x3  
  59  4:18  Queen  
  59  4:20  Lair  
  59  4:21  Overlord  
  59  4:23  Drone  
  59  4:24  Drone x2  
  64  4:25  Overlord  
  64  4:32  Roach Warren  
  64  4:34  Drone x2  
  64  4:35  Overlord  
  65  4:42  Overlord  
  64  4:53  Drone x4  
  64  4:54  Drone x2  
  68  5:04  Overlord  
  68  5:09  Drone x2  
  68  5:10  Evolution Chamber x2, Zergling x14  
  75  5:19  Drone  
  75  5:20  Hydralisk Den  
  75  5:23  Roach x3  
  75  5:24  Roach x3  
  87  5:31  Roach x4  
  87  5:35  Glial Reconstitution  
  95  5:36  Zerg Missile Weapons Level 1  
  97  5:43  Roach x5  
  104  5:56  Roach  
  104  5:57  Roach x3  
  102  6:04  Zergling x2  
  102  6:05  Zergling x6  
  102  6:10  Roach x2  
  106  6:12  Zergling x4  
  106  6:18  Zergling x14  
  103  6:19  Zergling x2  
  95  6:29  Hydralisk x4  
  87  6:41  Hydralisk x3  
  87  6:42  Hydralisk  
  87  6:43  Roach x3  
  90  6:51  Spine Crawler, Roach x2  
  90  6:52  Spine Crawler x2  
  90  6:53  Spine Crawler, Ravager  
  89  6:54  Spine Crawler  
  89  6:56  Lurker Den  
  89  6:57  Roach x2  
  86  7:14  Zergling x14  
  86  7:15  Zergling x6  
  82  7:31  Roach  
  82  7:32  Roach x3  
  79  7:44  Roach  
  79  7:45  Roach x8  
  95  8:06  Drone x4  
  99  8:27  Overlord  
  99  8:28  Hatchery, Overlord x2  
  98  8:39  Drone  
  99  8:46  Lurker  
  99  8:47  Lurker x3  
  103  9:01  Hydralisk x3  
  103  9:02  Hatchery  
  106  9:05  Overseer  
Show
View Real Time Build Order
Export as new Build Order

CranK Protoss 

Build Orders: Nexus First, Mass Adepts 

Get SALT Encoding   

  12  0:02  Probe  
  13  0:18  Probe  
  13  0:19  Pylon  
  14  0:37  Probe (Chrono Boost)  
  15  0:46  Probe (Chrono Boost)  
  16  0:54  Probe  
  17  1:00  Nexus  
  17  1:11  Gateway  
  17  1:14  Probe (Chrono Boost)  
  18  1:24  Probe (Chrono Boost)  
  18  1:25  Pylon  
  19  1:31  Probe  
  20  1:33  Assimilator  
  20  1:38  Assimilator  
  20  1:43  Probe (Chrono Boost)  
  21  1:53  Probe (Chrono Boost)  
  22  1:58  Cybernetics Core  
  22  2:00  Probe, Zealot (Chrono Boost)  
  25  2:12  Probe  
  26  2:17  Probe  
  26  2:20  Forge  
  26  2:25  Probe  
  26  2:29  Probe  
  28  2:37  Probe  
  29  2:38  Adept  
  29  2:41  Probe, Warp Gate  
  32  2:49  Probe  
  33  2:53  Pylon  
  33  2:54  Probe (Chrono Boost)  
  34  2:59  Protoss Ground Weapons Level 1 (Chrono Boost)  
  34  3:01  Probe (Chrono Boost)  
  36  3:06  Probe (Chrono Boost)  
  36  3:09  Pylon  
  36  3:11  Probe (Chrono Boost)  
  37  3:13  Probe (Chrono Boost)  
  37  3:18  Probe  
  39  3:23  Probe  
  40  3:27  Twilight Council  
  40  3:29  Sentry  
  40  3:30  Probe  
  43  3:35  Probe  
  44  3:42  Probe  
  45  3:52  Probe  
  45  3:54  Probe, Gateway  
  47  3:57  Gateway  
  47  4:01  Gateway  
  47  4:02  Gateway  
  47  4:03  Gateway  
  47  4:14  Adept  
  47  4:16  Gateway  
  49  4:30  Pylon  
  47  4:36  Pylon  
  47  4:40  Mothership Core (Chrono Boost)  
  47  4:41  Pylon  
  47  4:45  Pylon x2  
  49  4:47  Shield Upgrade (Chrono Boost)  
  49  4:48  Pylon  
  47  5:00  Adept x6  
  57  5:10  Probe x2  
  57  5:13  Adept  
  61  5:14  Pylon  
  61  5:15  Pylon  
  61  5:19  Adept  
  61  5:20  Adept x3  
  69  5:21  Adept x2  
  73  5:31  Adept  
  73  5:34  Pylon  
  75  5:38  Adept  
  75  5:39  Adept x2  
  75  5:41  Adept  
  75  5:42  Pylon  
  83  5:46  Pylon  
  73  6:05  Adept x7  
  80  6:23  Adept x3  
  80  6:25  Adept x3  
  84  6:27  Zealot  
  84  6:41  Adept x3  
  90  6:48  Adept x2, Zealot x2  
  90  6:51  Pylon  
  90  6:52  Pylon  
  98  7:04  Adept x3  
  98  7:05  Adept  
  104  7:13  Adept, Zealot x2  
  92  7:42  Zealot x6  
  92  7:43  Zealot  
  92  7:51  Charge (Chrono Boost)  
  92  8:03  Zealot x5  
  92  8:04  Zealot x2  
  106  8:18  Pylon  
  106  8:24  Zealot  
  106  8:25  Zealot x3  
  106  8:26  Zealot x3  
  120  8:49  Zealot  
  120  8:50  Zealot x5  
  120  8:52  Zealot  
  88  9:24  Robotics Facility  
Tags
 
Add a new tag
Caveats
  • Supply blocks, unpowered buildings, or Contaminate may cause inaccurate times.
  • Supply counts are checked every 10 seconds.